 Dungeon Crawl Stone Soup version 0.24-a0-769-g368c1644f8 (webtiles) character file.

Game seed: 14759118170485753629, levelgen mode: deterministic

189 Flugkiller the Skirmisher (level 5, -2/35 HPs)
             Began as a Gargoyle Skald on Oct 4, 2019.
             Was an Initiate of Ru.
             Slain by Menkaure (8 damage)
             ... on level 4 of the Dungeon.
             The game lasted 00:04:31 (3138 turns).

Flugkiller the Skirmisher (Gargoyle Skald)          Turns: 3138, Time: 00:04:32

Health: -2/35      AC: 10    Str: 15    XL:     5   Next: 68%
Magic:  8/8        EV: 11    Int: 13    God:    Ru [......]
Gold:   244        SH:  0    Dex: 10    Spells: 2/8 levels left

rFire    . . .     SeeInvis .   a - +0 mace
rCold    . . .     Gourm    .   (no shield)
rNeg     + . .     Faith    .   b - +0 leather armour
rPois    ∞         Spirit   .   (no helmet)
rElec    +         Reflect  .   (no cloak)
rCorr    .         Harm     .   m - +2 pair of gloves
MR       .....                  (no boots)
Stlth    ..........             (no amulet)
HPRegen  0.11/turn              g - ring of attention (curse)
MPRegen  0.11/turn              (no ring)

@: confused, infused
A: negative energy resistance 1, electricity resistance, unbreathing,
petrification resistance, rot immunity, AC +4
a: Renounce Religion


You were on level 4 of the Dungeon.
You worshipped Ru.
Ru was noncommittal.
You were not hungry.

You visited 1 branch of the dungeon, and saw 4 of its levels.

You collected 244 gold pieces.

Inventory:

Hand Weapons
 a - a +0 mace (weapon)
Missiles
 l - 10 poisoned darts (quivered)
Armour
 b - a +0 leather armour (worn)
 m - a +2 pair of gloves (worn)
   (You found it on level 3 of the Dungeon)
Jewellery
 e - an uncursed ring of resist corrosion {unknown}
   (You found it on level 3 of the Dungeon)
 g - a cursed ring of attention (left hand)
   (You found it on level 2 of the Dungeon)
Wands
 h - a wand of enslavement (4)
   (You found it on level 3 of the Dungeon)
Scrolls
 f - a scroll of fear {unknown}
 k - a scroll of teleportation {unknown}
 n - a scroll of magic mapping {unknown}
Potions
 i - a potion of ambrosia
 j - a potion of lignification
Comestibles
 c - a chunk of flesh
 d - 4 rations


   Skills:
 - Level 5.0 Fighting
 + Level 2.0 Maces & Flails
 - Level 1.1 Armour
 - Level 1.5 Dodging
 - Level 2.0 Spellcasting
 - Level 4.1 Charms


You had 2 spell levels left.
You knew the following spells:

 Your Spells              Type           Power        Failure   Level  Hunger
a - Infusion              Chrm           ##..         6%          1    ##.....
b - Shroud of Golubria    Chrm/Tloc      #.....       21%         2    ###....
c - Regeneration          Chrm/Necr      #.........   38%         3    ####...

Your spell library contained the following spells:

 Spells                   Type           Power        Failure   Level  Hunger
 Song of Slaying          Chrm           ##......     9%          2    ###....
 Confusing Touch          Hex            #.....       30%         1    ##.....
 Spectral Weapon          Hex/Chrm       #.......     38%         3    ####...
 Confuse                  Hex            #.......     67%         3    ####...
 Gell's Gravitas          Tloc           #.........   67%         3    ####...
 Petrify                  Tmut/Erth      #.......     97%         4    #####..
 Metabolic Englaciation   Hex/Ice        #.........   100%        5    ######.
 Yara's Violent Unravell  Hex/Tmut       #.........   100%        5    ######.


Dungeon Overview and Level Annotations

Branches:
Dungeon (4/15)
 Temple: D:4-7

Altars:
Ru
Sif Muna

Annotations:
D:4 Menkaure


Innate Abilities, Weirdness & Mutations

You are resistant to torment.
Your stone body is resilient. (AC +4)
You are immune to poison.
You resist negative energy. (rN+)
You are resistant to electric shocks. (rElec)
You can survive without breathing.
You are immune to petrification.
You are immune to rotting.


Message History

You hit the worker ant.
The worker ant is severely wounded.
The worker ant barely misses you. The worker ant bites you.
You barely miss the worker ant.
The worker ant is severely wounded.
You are feeling hungry.
The worker ant misses you. The worker ant closely misses you.
You hit the worker ant.
You kill the worker ant!
Training target 4.0 for Charms reached!
Your Charms skill increases to level 4!
You need to enable at least one skill for training.
Eat one of 2 chunks of flesh? (ye/n/q)
You eat one of the 2 chunks of flesh.
This raw flesh tastes terrible.
Your magical infusion is running out.
You are no longer magically infusing your attacks.
Found 18 gold pieces.
You now have 244 gold pieces (gained 18).
Magic restored.
You hear the slow hiss of a distant avalanche of sand.
Menkaure, Prince of Dust comes into view.
Casting: Infusion (safe; 6% risk of failure)
Confirm with . or Enter, or press ? or * to list all spells.
Space distorts slightly along a thin shroud covering your body.
Casting: Shroud of Golubria (safe; 21% risk of failure)
Confirm with . or Enter, or press ? or * to list all spells.
You begin infusing your attacks with magical energy.
An orc comes into view. It is wielding a +2 flail of draining.
The orc shouts!
You hit Menkaure.
Menkaure is lightly damaged.
You hear a shout! x2
Menkaure hits you!!
Ouch! That really hurt!
* * * LOW HITPOINT WARNING * * *
You hit Menkaure.
Menkaure is moderately damaged.
Menkaure barely misses you.
You thump Menkaure!
Menkaure is heavily damaged.
Menkaure blazes with dark energy!
Menkaure hits you!
* * * LOW HITPOINT WARNING * * *
Unknown command.
Your shroud begins to fray at the edges.
Unknown command.
Okay, then.
You are confused.
You feel invigorated. Menkaure hits you!
You die...

#..#
###.##..#
#..# ##....##
#..# #..#..#
#..# #..#..#
#..# #.....#
#..# #....##
#.#.##
#.#.#######.#
#...M@......#
#..o#######.#
#...# .......
#.#...... #
#.###.## ..
.# ... .# #..
.#


You could see Menkaure and an orc.

Vanquished Creatures
  A hound (D:2)
  A centaur skeleton (D:3)
  2 worker ants (D:4)
  2 adders
  4 worms
  2 dart slugs
  A leopard gecko (D:1)
  2 orcs (D:3)
  4 bats
  5 giant cockroaches
  7 hobgoblins
  A quokka (D:3)
  2 ball pythons (D:3)
  2 frilled lizards (D:2)
  6 goblins
  3 kobolds
  3 rats
48 creatures vanquished.

Notes
Turn   | Place    | Note
-------+----------+-------------------------------------------
     0 | D:1      | Flugkiller the Gargoyle Skald began the quest for the Orb.
     0 | D:1      | Reached XP level 1. HP: 12/12 MP: 3/3
   148 | D:1      | Reached XP level 2. HP: 18/18 MP: 5/5
   174 | D:1      | Reached skill level 3 in Fighting
  1457 | D:2      | Reached XP level 3. HP: 21/24 MP: 6/6
  1885 | D:2      | Reached skill level 4 in Fighting
  1966 | D:2      | Learned a level 2 spell: Shroud of Golubria
  1970 | D:2      | Learned a level 3 spell: Regeneration
  2012 | D:2      | Reached XP level 4. HP: 21/30 MP: 4/7
  2392 | D:3      | Reached skill level 5 in Fighting
  2698 | D:3      | Reached XP level 5. HP: 28/35 MP: 8/8
  2807 | D:3      | Found a sacrificial altar of Ru.
  2915 | D:3      | Became a worshipper of Ru the Awakened
  3051 | D:4      | Found a shimmering blue altar of Sif Muna.
  3126 | D:4      | Noticed Menkaure
  3138 | D:4      | Slain by Menkaure

Levels and vault maps discovered:
D:1:      dpeg_arrival_windows_large_door, layout_loops_corners, chequers_jeans
D:2:      layout_basic
D:3:      layout_rooms, nicolae_ru_path_of_blood
D:4:      layout_loops_ring, fedhas_altar_4, nicolae_overflow_crystal_walls,
          overflow_temple_1_default, enter_ossuary_2, okawaru_trees_2,
          uniq_menkaure, uniq_sigmund, uniq_purgy

Skill      XL: |  1  2  3  4  5 |
---------------+----------------+-----
Fighting       | 3 4 5 |  5.0
Charms         | 3 4 |  4.1
Maces & Flails | |  2.0
Armour         | |  1.1
Dodging        | |  1.5
Spellcasting   | |  2.0

Action                   |  1- 3 |  4- 6 || total
-------------------------+-------+-------++-------
Melee: Mace              |   108 |   109 ||   217
 Cast: Infusion          |     3 |     9 ||    12
       Shroud of Golubri |       |     1 ||     1
  Use: Scroll            |     2 |     1 ||     3
       Potion            |       |     1 ||     1
  Eat: Chunk             |     3 |     5 ||     8
Armor: Leather armour    |    56 |    66 ||   122
Dodge: Dodged            |    71 |    85 ||   156

Table legend:
 A = Non-vault XP
 B = Vault XP
 C = Vault XP percentage of total XP
 D = Non-vault monster count
 E = Vault monster count
 F = Vault count percentage of total count
                 A         B        C        D         E       F
            +---------+---------+-------+---------+---------+-------
      Total |     270 |       0 |   0.0 |      48 |       0 |   0.0
            +---------+---------+-------+---------+---------+-------
        D:1 |      18 |       0 |   0.0 |      10 |       0 |   0.0
        D:2 |      90 |       0 |   0.0 |      17 |       0 |   0.0
        D:3 |      93 |       0 |   0.0 |      19 |       0 |   0.0
        D:4 |      69 |       0 |   0.0 |       2 |       0 |   0.0
            +---------+---------+-------+---------+---------+-------
